 Dungeon Crawl Stone Soup version 0.29-a0-323-g050149af67 (webtiles) character file.

Game seed: 5586518740895183129

8181 Crownlay the Thaumaturge (level 11, -9/54 HPs)
             Began as a Gargoyle Earth Elementalist on Apr 9, 2022.
             Was a Priest of Vehumet.
             Mangled by a seven-headed hydra (13 damage)
             ... on level 9 of the Dungeon on Apr 11, 2022.
             The game lasted 00:29:32 (13501 turns).

Crownlay the Thaumaturge (GrEE)                    Turns: 13501, Time: 00:29:32

Health: -9/54      AC: 14    Str: 12    XL:     11   Next: 26%
Magic:  17/27      EV: 11    Int: 20    God:    Vehumet [***...]
Gold:   394        SH:  0    Dex: 10    Spells: 29/35 levels left

rFire   . . .      SeeInvis .   u - +2 spear (venom)
rCold   . . .      Faith    .   (no shield)
rNeg    + . .      Spirit   .   b - +0 robe
rPois   ∞          Reflect  .   (no helmet)
rElec   +          Harm     .   k - scarf {repulsion}
rCorr   .          Rampage  .   w - +1 Delatra's gloves {ID++}
Will    .....                   s - +1 pair of boots
Stlth   ++........              (no amulet)
HPRegen 0.18/turn               (no ring)
MPRegen 0.20/turn               (no ring)

@: repel missiles
A: sickness immunity, AC +8, negative energy resistance 1, electricity
resistance, torment resistance 1, petrification resistance
a: Renounce Religion


You were on level 9 of the Dungeon.
You worshipped Vehumet.
Vehumet was most pleased with you.
You visited 2 branches of the dungeon, and saw 10 of its levels.

You collected 490 gold pieces.
You spent 96 gold pieces at shops.

Inventory:

Hand Weapons
 u - a +2 spear of venom (weapon)
Missiles
 a - 70 stones
Armour
 b - a +0 robe (worn)
 k - a scarf of repulsion (worn)
 s - a +1 pair of boots (worn)
 w - the +1 Delatra's gloves (worn) {ID++}
   (You found it on level 4 of the Dungeon)

   It heals its wearer when they drink unknown potions.
   It restores its wearer's MP when they read unknown scrolls.
Jewellery
 y - the ring of Satyriasis {EV+4 SInv}
   (You found it on level 4 of the Dungeon)

   [ring of evasion]

   EV:        It affects your evasion (+4).
   SInv:      It lets you see invisible.
 B - the amulet of Zullozem {Acrobat Contam Will+ Stlth+}
   (You found it on level 5 of the Dungeon)

   [amulet of the acrobat]

   It increases your evasion while moving and waiting.
   Contam:    It causes magical contamination when unequipped.
   Will:      It increases your willpower.
   Stlth:     It makes you more stealthy.
Wands
 d - a wand of polymorph (8)
 v - a wand of digging (3)
 D - a wand of mindburst (21)
 F - a wand of iceblast (5)
 G - a wand of acid (4)
Scrolls
 e - 7 scrolls of teleportation
 f - 2 scrolls of magic mapping
 j - 2 scrolls of identify
 l - 3 scrolls of amnesia
 p - 3 scrolls of holy word
 t - a scroll of blinking
 x - 2 scrolls of enchant armour
 z - 2 scrolls of enchant weapon
Potions
 c - 2 potions of magic
 g - a potion of invisibility
 h - 7 potions of curing
 i - 2 potions of cancellation
 m - 5 potions of mutation
 o - 2 potions of brilliance
 q - 5 potions of heal wounds
 C - a potion of ambrosia
 E - a potion of haste


   Skills:
 - Level 1.5 Dodging
 - Level 2.1 Stealth
 * Level 12.6 Spellcasting
 + Level 4.5 Conjurations
 + Level 3.7 Summonings
 - Level 0.7 Transmutations
 - Level 10.8 Earth Magic


You had 29 spell levels left.
You knew the following spells:

 Your Spells              Type           Power      Damage    Failure   Level
a - Sandblast             Erth           100%       2d20      1%          1
b - Passwall              Tmut/Erth      29%        N/A       1%          2
c - Stone Arrow           Conj/Erth      86%        3d12      1%          3

Your spell library contained the following spells:

 Spells                   Type           Power      Damage    Failure   Level
 Poisonous Vapours        Pois/Air       24%        N/A       2%          2
 Beastly Appendage        Tmut           30%        N/A       4%          1
 Petrify                  Tmut/Erth      35%        N/A       4%          4
 Wereblood                Tmut           15%        N/A       6%          2
 Spider Form              Tmut/Pois      14%        N/A       14%         3
 Cause Fear               Hex            6%         N/A       47%         4
 Dragon Form              Tmut           7%         N/A       100%        7
 Dragon's Call            Summ           13%        N/A       100%        9


Dungeon Overview and Level Annotations

Branches:
Dungeon (9/15)             Temple (1/1) D:4
   Lair: D:8-11         Orc: D:9-12

Altars:
Cheibriados
Dithmenos
Elyvilon
Fedhas
Hepliaklqana
Kikubaaqudgha
Makhleb
Nemelex Xobeh
Okawaru
Qazlal
Ru
Trog
Vehumet
Wu Jian
Yredelemnul
Zin

Shops:
D:2 :   D:3 [   D:9 *

Annotations:
D:8 2 transporters, robertstho's ghost, novice DEEE
D:9 3 runed translucent doors, WLBjork's ghost, novice TrBe


Innate Abilities, Weirdness & Mutations

You are immune to sickness and miasma.
Your stone body is resilient. (AC +8)
You are immune to poison.
You resist negative energy. (rN+)
You are resistant to electric shocks. (rElec)
You are resistant to unholy torment.
You are immune to petrification.


Message History

a - 73 stones
There is a sacrificial altar of Ru here.
The seven-headed hydra seems to regain its courage.
Casting: Sandblast (safe; 1% risk of failure)
Confirm with . or Enter, or press ? or * to list all spells.
You can't see any susceptible monsters within range! (Use Z to cast anyway.)
Casting: Sandblast (safe; 1% risk of failure)
Confirm with . or Enter, or press ? or * to list all spells.
Aiming: Stone Arrow (safe; 1% risk of failure)
Press: ? - help, Shift-Dir - straight line, f - seven-headed hydra
Aim: a seven-headed hydra (heavily wounded, 92% to hit)
The stone arrow misses the seven-headed hydra.
Casting: Stone Arrow (safe; 1% risk of failure)
Confirm with . or Enter, or press ? or * to list all spells.
Aiming: Sandblast (safe; 1% risk of failure)
Press: ? - help, Shift-Dir - straight line, f/p - seven-headed hydra
Aim: a seven-headed hydra (heavily wounded, 94% to hit)
The blast of sand hits the seven-headed hydra!
The seven-headed hydra is severely wounded.
a - 72 stones
Casting: Sandblast (safe; 1% risk of failure)
Confirm with . or Enter, or press ? or * to list all spells.
Aiming: Sandblast (safe; 1% risk of failure)
Press: ? - help, Shift-Dir - straight line, f/p - seven-headed hydra
Aim: a seven-headed hydra (heavily wounded, 94% to hit)
The blast of sand hits the seven-headed hydra!
The seven-headed hydra is severely wounded.
a - 71 stones
Casting: Sandblast (safe; 1% risk of failure)
Confirm with . or Enter, or press ? or * to list all spells.
Aiming: Sandblast (safe; 1% risk of failure)
Press: ? - help, Shift-Dir - straight line, f/p - seven-headed hydra
Aim: a seven-headed hydra (severely wounded, 94% to hit)
The blast of sand hits the seven-headed hydra!
The seven-headed hydra is almost dead.
a - 70 stones The seven-headed hydra misses you.
The seven-headed hydra bites you!
* * * LOW HITPOINT WARNING * * *
The seven-headed hydra bites you!
You die...

...### #.......# #.#.....'...##
...# #######.######....######
...# #...........#....# # ...#
#.####.####.#....# # ####
###.#.......#.###### ## .#
#.#.#.##.##.#.# #. '##
##.#.#.#...#.#.### #.
..######........_.......# #.
......##'##.#.#.@[#.#.#.# ##
..#.#.#...#.#.##D##.#.#.#########
......'...#.#...... #.#.........†
..#.#.#...#.####.####.###########
......#...#.. .... ..#
...####...######.# ### ..##
#..........# ..# #..........# ###
#..........#


You could see a seven-headed hydra.

Vanquished Creatures
  A hydra (D:9)
  A centaur warrior (D:9)
  A tengu warrior (D:9)
  A manticore (D:9)
  An ugly thing (D:9)
  Maggie (D:7)
  An efreet (D:9)
  2 trolls
  A hornet (D:9)
  A slime creature (D:9)
  A wraith (D:9)
  Sigmund (D:2)
  2 wyverns (D:8)
  A water moccasin (D:7)
  8 orc warriors
  A sky beast (D:6)
  An ice beast (D:5)
  2 black bears
  An ogre (D:5)
  4 centaurs
  2 gnoll sergeants (D:7)
  A necrophage (D:5)
  3 scorpions
  11 wights
  A jelly (D:6)
  An electric eel (D:9)
  3 howler monkeys (D:9)
  5 hounds
  6 orc priests
  A gnoll shaman (D:8)
  2 iguanas (D:5)
  8 orc wizards
  20 gnolls
  10 adders
  A white imp (D:5)
  An ufetubus (D:6)
  A worm (D:2)
  3 dart slugs
  39 orcs
  8 ball pythons
  6 bats
  8 endoplasms
  4 giant cockroaches
  4 goblins
  7 hobgoblins
  6 quokkas
  A frilled lizard (D:1)
  10 kobolds
  6 rats
212 creatures vanquished.

Vanquished Creatures (others)
  A slime creature (D:9)
  An orc wizard (D:4)
  4 plants (D:5)
6 creatures vanquished.

Grand Total: 218 creatures vanquished

Notes
Turn   | Place    | Note
-------+----------+-------------------------------------------
     0 | D:1      | Crownlay the Gargoyle Earth Elementalist began the quest
                  | for the Orb.
     0 | D:1      | Reached XP level 1. HP: 10/10 MP: 3/3
   211 | D:1      | Reached XP level 2. HP: 15/15 MP: 5/5
   429 | D:1      | Found a faded altar of an unknown god.
   430 | D:1      | Noticed an eye of devastation
   432 | D:1      | Noticed a great orb of eyes
   433 | D:1      | Noticed a floating eye
   433 | D:1      | Noticed a great orb of eyes
  1045 | D:1      | Reached XP level 3. HP: 14/19 MP: 7/7
  1048 | D:1      | Learned a level 2 spell: Passwall
  1052 | D:1      | Learned a level 3 spell: Stone Arrow
  1462 | D:1      | Reached skill level 3 in Spellcasting
  2162 | D:2      | Noticed Sigmund
  2174 | D:2      | Killed Sigmund
  2175 | D:2      | Reached skill level 4 in Spellcasting
  2175 | D:2      | Reached skill level 5 in Earth Magic
  2175 | D:2      | Reached XP level 4. HP: 18/24 MP: 2/10
  2175 | D:2      | Reached XP level 5. HP: 22/28 MP: 2/11
  2253 | D:2      | Found Enidwesch's Book Shoppe.
  3003 | D:3      | Found Igija's Armour Emporium.
  3063 | D:3      | Reached XP level 6. HP: 32/32 MP: 8/13
  3778 | D:3      | Reached skill level 5 in Spellcasting
  3926 | D:4      | Found a staircase to the Ecumenical Temple.
  4015 | Temple   | Entered the Ecumenical Temple
  4184 | Temple   | Became a worshipper of Vehumet
  4287 | D:4      | Noticed an orc warrior
  4302 | D:4      | Killed an orc warrior
  4311 | D:4      | Reached XP level 7. HP: 27/36 MP: 0/15
  4469 | D:4      | Found the +1 Delatra's gloves {ID++}
  5039 | D:4      | Identified the ring of Satyriasis {EV+4 SInv}
  5454 | D:5      | Entered Level 5 of the Dungeon
  5519 | D:5      | Reached skill level 6 in Spellcasting
  5788 | D:4      | Upgraded the game from 0.29-a0-322-g68df515428 to
                  | 0.29-a0-323-g050149af67
  5887 | D:5      | Reached skill level 7 in Spellcasting
  5887 | D:5      | Reached XP level 8. HP: 41/41 MP: 11/18
  6925 | D:5      | Identified the amulet of Zullozem {Acrobat Contam Will+
                  | Stlth+}
  7591 | D:6      | Reached * piety under Vehumet
  7591 | D:6      | Offered knowledge of Freeze by Vehumet.
  7592 | D:6      | Reached skill level 8 in Spellcasting
  7752 | D:6      | Noticed a troll
  7758 | D:6      | Killed a troll
  7759 | D:6      | Reached XP level 9. HP: 45/45 MP: 8/21
  8100 | D:6      | Reached skill level 9 in Spellcasting
  8787 | D:7      | Noticed Maggie
  8804 | D:7      | Killed Maggie
  9282 | D:7      | Reached skill level 10 in Spellcasting
  9663 | D:7      | Reached ** piety under Vehumet
  9663 | D:7      | Offered knowledge of Foxfire by Vehumet.
  9666 | D:7      | Reached skill level 10 in Earth Magic
  9855 | D:8      | Reached XP level 10. HP: 45/50 MP: 6/24
  9986 | D:8      | Found a transporter.
  9987 | D:8      | Noticed robertstho's ghost (novice DEEE)
  9988 | D:8      | Noticed a moth of wrath
 10006 | D:8      | Found a transporter.
 10561 | D:9      | Reached skill level 11 in Spellcasting
 10666 | D:9      | Offered knowledge of Poisonous Vapours by Vehumet.
 10732 | D:9      | Reached *** piety under Vehumet
 10909 | D:9      | Noticed a boulder beetle
 11028 | D:9      | Found a sacrificial altar of Ru.
 11092 | D:9      | Reached skill level 1 in Conjurations
 11300 | D:9      | Noticed a two-headed ogre
 11305 | D:9      | Noticed WLBjork's ghost (novice TrBe)
 11315 | D:9      | Noticed a tengu warrior
 11317 | D:9      | Noticed a black mamba
 11328 | D:9      | Found a runed translucent gate.
 11328 | D:9      | Found a runed translucent gate.
 11328 | D:9      | Found a runed translucent gate.
 11343 | D:9      | Noticed a fire crab
 11345 | D:9      | a fire crab changed into a redback
 11360 | D:9      | Reached skill level 1 in Summonings
 11489 | D:9      | Noticed a sea snake
 11515 | D:9      | Noticed an orb spider
 11520 | D:9      | Found Udofestre's General Store.
 11528 | D:9      | Bought 3 scrolls of identify for 72 gold pieces
 11528 | D:9      | Bought a scroll of identify for 24 gold pieces
 11619 | D:9      | Noticed a manticore
 11686 | D:9      | Killed a manticore
 11749 | D:9      | Noticed a tengu warrior
 12197 | D:9      | Killed a tengu warrior
 12455 | D:9      | Reached skill level 12 in Spellcasting
 12460 | D:9      | Noticed a seven-headed hydra
 12726 | D:9      | Noticed a six-headed hydra
 12945 | D:9      | Reached XP level 11. HP: 54/54 MP: 18/27
 13041 | D:9      | Noticed a red ugly thing
 13047 | D:9      | Killed a red ugly thing
 13108 | D:9      | Noticed a centaur warrior
 13115 | D:9      | Killed a centaur warrior
 13493 | D:9      | Killed a six-headed hydra
 13501 | D:9      | Mangled by a seven-headed hydra

Illustrated notes

Levels and vault maps discovered:
D:1:      minmay_arrival_plants_in_alcoves, layout_basic,
          hellmonk_ecumenical_altar_watching_god, hangedman_decor_lopped,
          hangedman_decor_push
D:2:      layout_rooms, serial_shops, shop, uniq_sigmund
D:3:      layout_basic, serial_shops, nicolae_shop_hallway_plus
D:4:      layout_loops_corners, minmay_temple_entry_wispy, chequers_jeans,
          pf_guarded_unrand_delatra
D:5:      layout_layer_cave, minmay_crystal_water, minmay_hedge_maze,
          nrook_mini_vaults, chequers_big_river,
          nicolae_concentric_dashed_squares_mild, minmay_diced_spiral
D:6:      layout_loops_corners
D:7:      layout_basic, uniq_maggie
D:8:      layout_rooms, gammafunk_ghost_berserking_beasts, st_stairs_14,
          chequers_serial_rivers_room_b
D:9:      layout_roguey, nicolae_ru_sacrificial_ziggurat, erik_orc_2,
          gammafunk_ghost_split, serial_glass, glass_columns_a, glass_columns_b,
          glass_columns_a, glass_columns_b, serial_shops, shop_statue,
          minivault_28
Temple:   mainiacjoe_temple_hex_bubbles

Skill      XL: |  1  2  3  4  5  6  7  8  9 10 11 |
---------------+----------------------------------+-----
Earth Magic    | 4 5 6 7 8 10 | 10.8
Spellcasting   | 4 5 7 8 10 12 | 12.6
Conjurations   | 3 4 |  4.5
Summonings     | 3 |  3.7
Dodging        | |  1.5
Stealth        | |  2.1
Transmutations | |  0.7

Action                   |  1- 3 |  4- 6 |  7- 9 | 10-12 || total
-------------------------+-------+-------+-------+-------++-------
Melee: Dagger            |   141 |   125 |       |       ||   266
       Punch             |     1 |     2 |     1 |       ||     4
       Flail             |       |    10 |   100 |       ||   110
       Spear             |       |       |       |    10 ||    10
 Cast: Sandblast         |    12 |    35 |    81 |    48 ||   176
       Stone Arrow       |       |     3 |    58 |    71 ||   132
Evoke: Wand              |       |       |     1 |       ||     1
  Use: Scroll            |       |     6 |     8 |    10 ||    24
 Stab: Sleeping          |     3 |     2 |     2 |       ||     7
Armor: Robe              |    76 |    68 |    90 |    22 ||   256
Dodge: Dodged            |    86 |    83 |   107 |    33 ||   309
       Repelled          |       |     2 |       |       ||     2

Table legend: (Time is in decaauts)
 A = Elapsed time spent in this place.
 B = Non-inter-level travel time spent in this place.
 C = Inter-level travel time spent in this place.
 D = Time resting spent in this place.
 E = Time spent auto-exploring this place.
 F = Levels seen in this place.
 G = Mean time per level.
                   A        B        C        D        E       F      G
               +--------+--------+--------+--------+--------+-----+--------+
         Total |  13568 |  13302 |    266 |    708 |  10390 |  10 | 1356.8 |
       Dungeon |  13334 |  13133 |    201 |    708 |  10228 |   9 | 1481.6 |
        Temple |    234 |    169 |     65 |      0 |    162 |   1 |  234.0 |
               +--------+--------+--------+--------+--------+-----+--------+

Top non-repeatable levels by time:
     D:1: 2057 daAuts
     D:9: 1847 daAuts
     D:8: 1814 daAuts
     D:5: 1716 daAuts
     D:4: 1576 daAuts
     D:6: 1399 daAuts
     D:7: 1131 daAuts
     D:2: 904 daAuts
     D:3: 885 daAuts
  Temple: 234 daAuts
